 Dungeon Crawl Stone Soup version 0.28.0-47-ge53b351184 (webtiles) character file.

Game seed: 847036325685624876

373 Peloso the Covered (level 6, -7/55 HPs)
             Began as a Minotaur Fighter on May 7, 2022.
             Mangled by an ogre
             ... wielding a +0 giant spiked club
              (13 damage)
             ... on level 4 of the Dungeon.
             The game lasted 00:04:50 (3872 turns).

Peloso the Covered (Minotaur Fighter)               Turns: 3872, Time: 00:04:51

Health: -7/55      AC: 13    Str: 20    XL:     6   Next: 43%
Magic:  5/5        EV:  6    Int:  5    God:
Gold:   198        SH:  5    Dex: 12    Spells: 5/5 levels left

rFire   . . .      SeeInvis .   a - +0 long sword
rCold   . . .      Faith    .   c - +0 buckler
rNeg    . . .      Spirit   .   o - +0 plate armour
rPois   .          Reflect  .   (helmet restricted)
rElec   .          Harm     .   (no cloak)
rCorr   .          Rampage  .   (no gloves)
Will    .....                   r - +0 pair of boots
Stlth   ..........              (no amulet)
HPRegen 0.18/turn               (no ring)
MPRegen 0.09/turn               (no ring)

@: no status effects
A: horns 2, retaliatory headbutt
a: no special abilities


You were on level 4 of the Dungeon.
You visited 1 branch of the dungeon, and saw 4 of its levels.

You collected 198 gold pieces.

Inventory:

Hand Weapons
 a - a +0 long sword (weapon)
Armour
 b - a +0 scale mail
 c - a +0 buckler (worn)
 o - a +0 plate armour (worn)
 r - a +0 pair of boots (worn)
Jewellery
 f - a ring of fire
 g - a ring of see invisible
Scrolls
 e - a scroll of amnesia
 j - 2 scrolls of identify
 k - a scroll of noise {unknown}
 l - a scroll of enchant weapon {unknown}
Potions
 d - a potion of might
 h - a potion of ambrosia {unknown}
 i - a potion of curing
 n - 2 potions of invisibility
 p - a potion of resistance


   Skills:
 + Level 4.8 Fighting
 + Level 5.1 Long Blades
 + Level 5.2 Armour
 + Level 2.0 Dodging
 + Level 0.5 Stealth
 + Level 4.7 Shields


You had 5 spell levels left.
You didn't know any spells.
Your spell library contained the following spells:

 Spells                   Type           Power      Damage    Failure   Level
 Gell's Gravitas          Tloc           0%         N/A       100%        3
 Teleport Other           Tloc           0%         N/A       100%        3
 Dispersal                Tloc           0%         N/A       100%        6


Dungeon Overview and Level Annotations

Branches:
Dungeon (4/15)
 Temple: D:4-7

Altars:
Uskayaw


Innate Abilities, Weirdness & Mutations

You have a pair of horns on your head.
You reflexively headbutt those who attack you in melee.


Message History

The kobold brigand hits you with a +0 dagger.
You block the kobold brigand's attack.
You hit the kobold brigand but do no damage.
The kobold brigand is severely wounded.
The kobold brigand hits you but does no damage.
The kobold brigand hits you with a +0 dagger.
You barely miss the kobold brigand.
The kobold brigand is severely wounded.
The kobold brigand hits you but does no damage.
The kobold brigand hits you with a +0 dagger.
You hit the kobold brigand.
The kobold brigand is severely wounded.
The kobold brigand hits you but does no damage.
The kobold brigand hits you with a +0 dagger.
You miss the kobold brigand. You headbutt the kobold brigand!
You kill the kobold brigand!
Your Long Blades skill increases to level 5!
Things that are here:
a +0 dagger; a curare-tipped dart; a kobold corpse You feel yourself speed up.
Things that are here:
a +0 dagger; a curare-tipped dart; a kobold corpse An ogre comes into view.
It is wielding a +0 giant spiked club.
The ogre shouts!
An ogre is nearby!
An ogre is nearby!
An ogre is nearby!
You hit the ogre but do no damage.
The ogre hits you with a +0 giant spiked club!!
You hit the ogre.
The ogre is lightly wounded.
The ogre hits you with a +0 giant spiked club!
You hit the ogre.
The ogre is moderately wounded.
The ogre hits you with a +0 giant spiked club!
* * * LOW HITPOINT WARNING * * *
You hit the ogre. You headbutt the ogre!
The ogre is severely wounded.
The ogre hits you with a +0 giant spiked club!
You die...

############
#..........#
#.@#.#.###.#####
#.O#.#.........#
#..#....##.###.#
.....#.###.#
#.#### .#..#....
..# #....)
#........#####
#..### .
...##### #..###
.##.### #.....
##.##.


You could see an ogre.

Vanquished Creatures
  A black bear (D:2)
  A kobold brigand (D:4)
  A hound (D:3)
  A centaur skeleton (D:4)
  Terence (D:3)
  Robin (D:4)
  A howler monkey skeleton (D:4)
  3 adders
  A worm (D:3)
  3 dart slugs
  4 orcs (D:2)
  4 endoplasms
  4 giant cockroaches
  8 goblins
  8 hobgoblins
  4 jackals (D:1)
  9 kobolds
  2 quokkas
  7 ball pythons
  3 bats (D:1)
  6 frilled lizards
  5 rats
78 creatures vanquished.

Vanquished Creatures (others)
  A plant (D:1)
1 creature vanquished.

Grand Total: 79 creatures vanquished

Notes
Turn   | Place    | Note
-------+----------+-------------------------------------------
     0 | D:1      | Peloso the Minotaur Fighter began the quest for the Orb.
     0 | D:1      | Reached XP level 1. HP: 19/19 MP: 0/0
   218 | D:1      | Reached XP level 2. HP: 22/27 MP: 1/1
  1026 | D:1      | Reached XP level 3. HP: 31/33 MP: 2/2
  1109 | D:1      | Found a faded altar of an unknown god.
  2011 | D:2      | Found a hide-covered altar of Uskayaw.
  2015 | D:2      | Reached XP level 4. HP: 36/40 MP: 3/3
  2027 | D:2      | Noticed a black bear
  2032 | D:2      | Killed a black bear
  2033 | D:2      | Reached skill level 1 in Dodging
  2033 | D:2      | Reached XP level 5. HP: 45/47 MP: 4/4
  2829 | D:3      | Noticed Terence
  2840 | D:3      | Killed Terence
  3401 | D:4      | Reached skill level 5 in Armour
  3401 | D:4      | Reached XP level 6. HP: 53/53 MP: 5/5
  3458 | D:4      | Noticed Robin
  3476 | D:4      | Killed Robin
  3642 | D:4      | Reached skill level 5 in Long Blades
  3872 | D:4      | Mangled by an ogre

Illustrated notes

Levels and vault maps discovered:
D:1:      nagdon_arrival_zigzag_paths, layout_basic,
          shapermc_ecumenical_altar_acropolis
D:2:      layout_basic, basic_altar, wad_orctagon
D:3:      layout_rooms, uniq_terence
D:4:      layout_loops_cross, serial_rivers, chequers_serial_rivers_micro_b,
          chequers_serial_rivers_room_a, chequers_serial_rivers_micro_e,
          chequers_serial_rivers_large_b, chequers_serial_rivers_small_b,
          chequers_serial_rivers_micro_c, corexii_shack, uniq_grinder,
          uniq_robin

Skill      XL: |  1  2  3  4  5  6 |
---------------+-------------------+-----
Shields        | 4 |  4.7
Fighting       | 4 |  4.8
Long Blades    | 3 4 5 |  5.1
Armour         | 4 5 |  5.2
Dodging        | 1 2 |  2.0
Stealth        | |  0.5

Action                   |  1- 3 |  4- 6 || total
-------------------------+-------+-------++-------
Melee: Long sword        |   122 |    99 ||   221
       Headbutt          |    14 |    17 ||    31
  Use: Scroll            |       |     5 ||     5
Armor: Scale mail        |    67 |     6 ||    73
       Plate armour      |       |    80 ||    80
Dodge: Dodged            |    44 |    38 ||    82
Block: Buckler           |    37 |    22 ||    59
